Map: Year Zero LE

Players

demuLarva

  • Race: Terran Terran
  • League: Master
  • Spawn Location: 1:00

Lambo - Winner!

  • Race: Zerg Zerg
  • League: Master
  • Spawn Location: 11:00

VOD

Have the link to the VOD?

Description

Time

  • Played on: Jan. 27, 2019, 10:10 a.m.
  • Length: 7:34
Show
View Real Time Build Order
Export as new Build Order

demuLarva Terran 

Build Orders: Command Center First (CC) 

Get SALT Encoding   

  12  0:00  SCV  
  13  0:12  SCV  
  14  0:18  Supply Depot  
  14  0:25  SCV  
  15  0:40  SCV  
  16  0:52  SCV  
  17  1:01  Command Center  
  17  1:04  SCV  
  18  1:15  Barracks  
  18  1:17  SCV  
  19  1:24  Refinery  
  19  1:29  SCV  
  19  1:31  Refinery  
  20  1:41  SCV  
  22  2:02  Reaper, Orbital Command  
  22  2:15  Orbital Command  
  22  2:20  Factory  
  22  2:25  Supply Depot  
  22  2:28  SCV  
  23  2:34  Barracks Reactor  
  23  2:40  SCV  
  23  2:42  SCV  
  25  2:52  SCV  
  25  2:54  SCV  
  25  2:56  Factory  
  27  3:04  SCV  
  28  3:06  SCV  
  29  3:14  Hellion x2  
  29  3:16  SCV  
  29  3:18  SCV  
  29  3:19  Supply Depot  
  35  3:23  Barracks Tech Lab  
  35  3:28  SCV  
  35  3:30  SCV  
  37  3:35  Hellion x2  
  37  3:40  SCV  
  42  3:43  SCV  
  42  3:45  Supply Depot  
  43  3:51  Cyclone  
  43  3:52  Mag-Field Accelerator  
  43  3:53  SCV  
  43  3:55  SCV  
  48  3:58  Hellion  
  48  4:00  Hellion  
  52  4:05  SCV  
  52  4:07  SCV  
  52  4:09  Supply Depot  
  55  4:17  SCV  
  55  4:19  SCV  
  56  4:24  Hellion x2  
  56  4:29  SCV  
  56  4:31  SCV, Cyclone  
  65  4:32  Supply Depot  
  65  4:35  Command Center  
  65  4:41  SCV  
  65  4:43  SCV, Refinery  
  65  4:44  Refinery  
  67  4:52  Armory  
  67  4:53  SCV  
  67  4:55  SCV, Armory  
  69  5:03  Hellion x2  
  69  5:05  SCV  
  69  5:06  Supply Depot  
  74  5:07  SCV  
  75  5:14  Supply Depot  
  75  5:17  SCV, Barracks Tech Lab  
  75  5:19  Factory, SCV  
  77  5:24  Supply Depot  
  77  5:28  Cyclone  
  80  5:29  SCV  
  80  5:31  SCV  
  82  5:38  Factory  
  82  5:41  SCV  
  83  5:43  Barracks Reactor  
  83  5:44  SCV, Factory  
  83  5:47  Orbital Command  
  84  5:52  Hellion x2  
  88  6:00  SCV  
  88  6:01  SCV  
  90  6:04  Cyclone  
  93  6:12  SCV  
  93  6:13  Refinery  
  93  6:14  SCV, Refinery  
  93  6:16  SCV  
  96  6:23  Factory Tech Lab, Supply Depot  
  96  6:24  SCV, Cyclone  
  100  6:26  SCV  
  100  6:28  SCV  
  102  6:34  Supply Depot x2  
  102  6:37  SCV  
  102  6:38  SCV  
  102  6:39  Cyclone  
  107  6:40  SCV  
  108  6:47  Cyclone  
  108  6:48  Hellion  
  108  6:49  SCV  
  108  6:50  SCV  
  108  6:53  SCV  
  116  7:01  SCV, Cyclone, Hellion  
  120  7:06  SCV  
  116  7:10  SCV  
  116  7:13  SCV  
  108  7:19  SCV  
Show
View Real Time Build Order
Export as new Build Order

Lambo Zerg - Winner!

Build Orders: Hatch First, Roach Nydus 

Get SALT Encoding   

  12  0:01  Drone  
  13  0:12  Overlord  
  13  0:18  Drone  
  14  0:31  Drone x2  
  16  0:49  Hatchery  
  15  0:52  Drone  
  15  0:56  Drone  
  17  0:59  Drone  
  18  1:10  Extractor  
  17  1:14  Spawning Pool  
  17  1:18  Drone  
  17  1:21  Drone  
  18  1:28  Drone  
  19  1:40  Drone  
  20  1:50  Overlord  
  20  2:01  Queen x2  
  20  2:02  Zergling x4  
  26  2:10  Metabolic Boost  
  26  2:13  Drone  
  26  2:15  Drone  
  29  2:22  Drone  
  29  2:31  Drone  
  30  2:42  Drone  
  30  2:43  Hatchery  
  30  2:48  Pneumatized Carapace  
  30  2:51  Drone  
  31  2:53  Drone  
  32  3:00  Overlord  
  32  3:02  Drone  
  32  3:04  Drone  
  34  3:08  Drone x2  
  36  3:18  Overlord  
  36  3:20  Drone x2  
  36  3:21  Drone x2  
  36  3:24  Drone  
  41  3:28  Queen  
  41  3:34  Drone  
  44  3:38  Queen  
  46  3:44  Drone  
  46  3:45  Drone x2  
  46  3:48  Roach Warren  
  48  3:50  Overlord  
  48  3:52  Drone  
  49  3:56  Drone x2  
  49  4:00  Drone x2, Extractor  
  49  4:01  Extractor  
  49  4:02  Drone  
  52  4:10  Lair  
  52  4:11  Drone x2  
  52  4:14  Drone x2  
  56  4:20  Evolution Chamber, Drone  
  54  4:25  Spore Crawler  
  54  4:28  Drone x4  
  54  4:29  Drone  
  59  4:32  Drone  
  59  4:34  Overlord  
  59  4:38  Roach x2  
  64  4:39  Overlord  
  64  4:43  Extractor, Roach  
  65  4:48  Zerg Missile Weapons Level 1  
  65  4:52  Overlord  
  65  4:56  Roach x3  
  71  5:00  Drone x3  
  71  5:04  Roach x2  
  78  5:08  Glial Reconstitution  
  78  5:11  Overlord  
  78  5:13  Roach  
  80  5:17  Roach x2  
  80  5:18  Drone  
  85  5:22  Overlord  
  85  5:23  Overlord  
  85  5:27  Overlord  
  85  5:30  Overlord  
  85  5:32  Roach x2  
  89  5:40  Roach x4  
  97  5:46  Roach x3  
  103  5:52  Nydus Network  
  103  5:53  Zergling x4  
  103  5:56  Roach  
  103  5:57  Zergling x2  
  106  5:59  Roach  
  108  6:04  Overlord  
  108  6:05  Zergling x6  
  108  6:09  Roach x2  
  115  6:12  Burrow  
  115  6:16  Roach  
  115  6:17  Roach  
  119  6:22  Roach x3  
  125  6:27  Overlord  
  125  6:30  Roach x2  
  129  6:34  Roach x3  
  129  6:38  Roach  
  137  6:43  Nydus Canal  
  137  6:44  Roach x2  
  137  6:47  Roach  
  137  6:53  Overlord, Zergling x8  
  143  6:59  Roach  
  145  7:04  Roach x2  
  145  7:07  Roach  
  145  7:08  Overlord  
  145  7:09  Roach x13  
  145  7:11  Overlord  
Tags
 
Add a new tag
Caveats
  • Supply blocks, unpowered buildings, or Contaminate may cause inaccurate times.
  • Supply counts are checked every 10 seconds.